 Dungeon Crawl Stone Soup version 0.20-a0-513-g02c11fc (webtiles) character file.

58 nubinia the Magician (level 4, -7/24 HPs)
             Began as a Tengu Wizard on Jan 22, 2017.
             Killed by divine providence
             ... invoked by an orc priest
              (10 damage)
             ... on level 3 of the Dungeon.
             The game lasted 00:11:06 (2980 turns).

nubinia the Magician (Tengu Wizard)                 Turns: 2980, Time: 00:11:07

Health: -7/24      AC:  5    Str:  4 (7)  XL:     4   Next: 1%
Magic:  8/19       EV: 12    Int: 18 (19) God:
Gold:   46         SH:  0    Dex: 11 (13) Spells: 2/10 levels left

rFire    . . .     SeeInvis .   o - +2 short sword (drain)
rCold    . . .     Gourm    .   a - +0 robe
rNeg     . . .     Faith    .   (no shield)
rPois    .         Spirit   .   b - +0 hat
rElec    .         Reflect  .   (no cloak)
rCorr    .         Harm     .   (no gloves)
MR       .....                  (boots unavailable)
Stlth    ++........             (no amulet)
Regen    0.1/turn               h - +3 ring of protection
                                j - ring of magical power

@: very slightly contaminated, repel missiles
A: beak, talons 3
a: no special abilities


You were on level 3 of the Dungeon.
You were very hungry.

You visited 1 branch of the dungeon, and saw 3 of its levels.

You collected 46 gold pieces.

Inventory:

Hand Weapons
 e - a +0 dagger
 k - a +2 flail of crushing
 o - a +2 short sword of draining (weapon)
 w - a cursed -2 spear
Armour
 a - a +0 robe (worn)
 b - a +0 hat (worn)
Jewellery
 f - an uncursed ring of stealth
 h - a +3 ring of protection (right hand)
 i - an uncursed ring of resist corrosion
 j - a ring of magical power (left hand)
 u - an uncursed ring of flight
Scrolls
 p - a scroll of remove curse
Potions
 g - a potion of beneficial mutation {unknown}
 l - a potion of berserk rage {unknown}
 m - a potion of lignification {unknown}
 n - a potion of heal wounds {unknown}
 q - a potion of haste {unknown}
 s - a potion of ambrosia {unknown}
 t - a potion of mutation
 v - 2 potions of invisibility {unknown}
Books
 c - a book of Minor Magic

   Spells                             Type                      Level
   a - Magic Dart                     Conjuration                  1
   b - Blink                          Translocation                2
   c - Call Imp                       Summoning                    2
   d - Repel Missiles                 Charms/Air                   2
   e - Slow                           Hexes                        2
   f - Conjure Flame                  Conjuration/Fire             3
   g - Mephitic Cloud                 Conjuration/Poison/Air       3
Comestibles
 d - 4 bread rations
 r - a meat ration


   Skills:
 - Level 2.3 Dodging
 - Level 2.4 Stealth
 - Level 3.7 Spellcasting
 - Level 1.3 Conjurations
 - Level 0.1 Charms
   Level 1.2 Summonings
 - Level 0.7 Translocations
 + Level 2.5 Air Magic


You had 2 spell levels left.
You knew the following spells:

 Your Spells              Type           Power        Failure   Level  Hunger
a - Magic Dart            Conj           #...         12%         1    None
b - Blink                 Tloc           N/A          17%         2    ##.....
c - Mephitic Cloud        Conj/Pois/Air  #.......     30%         3    ###....
r - Repel Missiles        Chrm/Air       #.....       14%         2    ##.....


Dungeon Overview and Level Annotations

Branches:
Dungeon (3/15)

Altars:


Innate Abilities, Weirdness & Mutations

You have a beak for a mouth.
You have claws for feet.


Message History

The orc hits you.
* * * LOW HITPOINT WARNING * * *
Casting: Blink
Confirm with . or Enter, or press ? or * to list all spells.
You miscast Blink.
The floor and the ceiling briefly switch places.
The orc wizard casts a spell.
The orc wizard blinks!
The orc hits you with a dagger of holy wrath.
* * * LOW HITPOINT WARNING * * *
The orc barely misses you.
Casting: Blink
Confirm with . or Enter, or press ? or * to list all spells.
You blink.
The orc hits you but does no damage.
The orc priest calls upon Beogh to heal the orc.
The orc's wounds heal themselves!
The orc priest calls down the wrath of Beogh upon you.
Beogh smites you!
You die...

.#######.# #.# #.##.# *,*, ....#
#.# #.# #.##.# *,#, .#### ##.##
#.# #.##.#####.#, .######...###.#
####.##.......#. ..............#
#............... ########..###.#
#.##..#.#.#####. #..# #.#
#.##..#.#.# *,
########..###.####.##..###.#####.
................@................
#.........###..#..o#...###.#.....
...................o...o.........
#..............#.#.....###.#.###.
#.........###..#.#.........#.###,
########................#......,.
########..###..#.#.....##..#.###.
......##.........................
..........###..#.................


You could see an orc priest and 2 orcs.

Vanquished Creatures
  2 adders (D:2)
  A leopard gecko (D:1)
  An orc (D:3)
  A ball python (D:2)
  A giant cockroach (D:2)
  4 goblins
  3 hobgoblins (D:1)
  4 jackals (D:3)
  7 kobolds
  6 bats
  4 frilled lizards
  4 rats
38 creatures vanquished.

Notes
Turn   | Place    | Note
-------+----------+-------------------------------------------
     0 | D:1      | nubinia the Tengu Wizard began the quest for the Orb.
     0 | D:1      | Reached XP level 1. HP: 10/10 MP: 5/5
   706 | D:1      | You fall through a shaft!
   712 | D:2      | Reached XP level 2. HP: 15/15 MP: 4/7
   744 | D:2      | Learned a level 2 spell: Repel Missiles
   747 | D:2      | Learned a level 2 spell: Blink
  1278 | D:2      | Reached XP level 3. HP: 19/19 MP: 2/9
  1283 | D:2      | Learned a level 3 spell: Mephitic Cloud
  1454 | D:2      | Reached skill level 1 in Air Magic
  2508 | D:3      | Reached XP level 4. HP: 24/24 MP: 4/10
  2980 | D:3      | Killed from afar by an orc priest

Vault maps used:
D:1:      dpeg_arrival_rhombi, minivault_5, minmay_door_square,
          minmay_tetromino_s2
D:2:      first_bread, st_stairs_3

Skill      XL: |  1  2  3 |
---------------+----------+-----
Air Magic      | 2 |  2.5
Dodging        | |  2.3
Stealth        | |  2.4
Spellcasting   | |  3.7
Conjurations   | |  1.3
Charms         | |  0.1
Summonings     | |  1.2
Translocations | |  0.7

Action                   |  1- 3 |  4- 6 || total
-------------------------+-------+-------++-------
Melee: Dagger            |    13 |       ||    13
       Kick              |     3 |     2 ||     5
       Short sword       |    16 |     4 ||    20
       Flail             |     1 |       ||     1
       Peck              |     1 |       ||     1
 Cast: Magic Dart        |    77 |     6 ||    83
       Repel Missiles    |     1 |       ||     1
       Blink             |     1 |     1 ||     2
  Use: Scroll            |     4 |     1 ||     5
       Potion            |     1 |       ||     1
 Stab: Sleeping          |     3 |       ||     3
  Eat: Chunk             |     5 |       ||     5
Armor: Robe              |     8 |     1 ||     9
Dodge: Dodged            |    24 |     3 ||    27
       Deflected         |     2 |       ||     2
